 Dungeon Crawl Stone Soup version 0.26-a0-501-g57170428f2 (webtiles) character file.

Game seed: 17003876241125678860

1 Devinter the Sneak (level 1, 0/10 HPs)
             Began as a Kobold Enchanter on Aug 7, 2020.
             Slain by a gnoll
             ... wielding a +0 spear
              (10 damage)
             ... on level 1 of the Dungeon.
             The game lasted 00:01:49 (212 turns).

Devinter the Sneak (Kobold Enchanter)                Turns: 212, Time: 00:01:50

Health: 0/10       AC:  1    Str:  5    XL:     1   Next: 22%
Magic:  1/3        EV: 15    Int: 16    God:
Gold:   26         SH:  0    Dex: 15    Spells: 3/4 levels left

rFire    . . .     SeeInvis .   a - +1 dagger
rCold    . . .     Faith    .   (shield restricted)
rNeg     . . .     Spirit   .   b - +0 robe
rPois    .         Reflect  .   (no helmet)
rElec    .         Harm     .   (no cloak)
rCorr    .                      g - -2 pair of gloves (curse)
MR       .....                  (no boots)
Stlth    ++++......             (no amulet)
HPRegen  0.03/turn              (no ring)
MPRegen  0.08/turn              (no ring)

@: no status effects
A: small, nightstalker 3
a: no special abilities


You were on level 1 of the Dungeon.
You visited 1 branch of the dungeon, and saw 1 of its levels.

You collected 26 gold pieces.

Inventory:

Hand Weapons
 a - a +1 dagger (weapon)
Missiles
 e - 2 curare-tipped darts (quivered)
Armour
 b - a +0 robe (worn)
 g - a cursed -2 pair of gloves (worn)
Potions
 c - 2 potions of stabbing {unknown}
 d - 3 potions of lignification {unknown}
 f - a potion of berserk rage {unknown}


   Skills:
 - Level 1.3 Short Blades
 - Level 2.4 Dodging
 - Level 4.0 Stealth
 - Level 2.1 Spellcasting
 + Level 3.1 Hexes


You had 3 spell levels left.
You knew the following spells:

 Your Spells              Type           Power        Failure   Level
a - Corona                Hex            ##.....      6%          1

Your spell library contained the following spells:

 Spells                   Type           Power        Failure   Level
 Ensorcelled Hibernation  Hex/Ice        #.....       16%         2
 Confusing Touch          Hex            ##......     17%         3
 Tukima's Dance           Hex            ##......     17%         3
 Dazzling Flash           Conj/Hex       #.....       32%         3


Dungeon Overview and Level Annotations

Branches:
Dungeon (1/15)

Altars:


Innate Abilities, Weirdness & Mutations

You are small and have problems with some larger weapons.
You are completely attuned to the shadows.


Message History

A gnoll comes into view. It is wielding a +0 spear.
The gnoll shouts!
Casting: Corona (safe; 6% risk of failure)
Confirm with . or Enter, or press ? or * to list all spells.
Aiming: Corona (safe; 6% risk of failure)
Press: ? - help, Shift-Dir - straight line, f - gnoll
Aim: a gnoll, wielding a +0 spear (chance to defeat MR: 55%)
The gnoll struggles to resist.
Casting: Corona (safe; 6% risk of failure)
Confirm with . or Enter, or press ? or * to list all spells.
Aiming: Corona (safe; 6% risk of failure)
Press: ? - help, Shift-Dir - straight line, f/p - gnoll
Aim: a gnoll, wielding a +0 spear (chance to defeat MR: 55%)
The gnoll is outlined in light.
The gnoll barely misses you. The gnoll barely misses you.
You hit the gnoll but do no damage.
A bat comes into view.
The gnoll hits you with a +0 spear!
Ouch! That really hurt!
You die...

#[..... ####......
.............
.###............
.$.............
#).$......###+#
#g@...........#
................#
....!...........#
....≈..........##
..[.b..........######
≈............'.....
.....####...######
#...# #####


You could see a gnoll (corona) and a bat.

Vanquished Creatures
  A hobgoblin (D:1)
1 creature vanquished.

Notes
Turn   | Place    | Note
-------+----------+-------------------------------------------
     0 | D:1      | Devinter the Kobold Enchanter began the quest for the Orb.
     0 | D:1      | Reached XP level 1. HP: 10/10 MP: 3/3
   212 | D:1      | Slain by a gnoll

Illustrated notes

Levels and vault maps discovered:
D:1:      eino_arrival_tree_alley, layout_basic, skrybe_limestone_x,
          minmay_misc_feat_pillars, glass_columns_b

Action                   || total
-------------------------++-------
Melee: Dagger            ||     2
 Cast: Corona            ||     2
 Stab: Sleeping          ||     1
Dodge: Dodged            ||     2

Table legend: (Time is in decaauts)
 A = Elapsed time spent in this place.
 B = Non-inter-level travel time spent in this place.
 C = Inter-level travel time spent in this place.
 D = Time resting spent in this place.
 E = Time spent auto-exploring this place.
 F = Levels seen in this place.
 G = Mean time per level.
                   A        B        C        D        E       F      G
               +--------+--------+--------+--------+--------+-----+--------+
         Total |    212 |    210 |      2 |      0 |     91 |   1 |  212.0 |
       Dungeon |    212 |    210 |      2 |      0 |     91 |   1 |  212.0 |
               +--------+--------+--------+--------+--------+-----+--------+

Top non-repeatable levels by time:
     D:1: 212 daAuts
